 Dungeon Crawl Stone Soup version 0.29.0-10-g45618ea6d2 (webtiles) character file.

Game seed: 16605751594099503878

23 NinjaNoafa the Magician (level 3, -1/37 HPs)
             Began as a Djinni Hedge Wizard on Sept 1, 2022.
             Slain by Natasha (2 damage)
             ... on level 2 of the Dungeon.
             The game lasted 00:03:02 (1344 turns).

NinjaNoafa the Magician (Djinni Hedge Wizard)       Turns: 1344, Time: 00:03:02

Health: -1/37      AC: 21    Str:  9    XL:     3   Next: 12%
Gold:   65         EV:  2    Int: 17    God:
                   SH:  0    Dex: 12

rFire   . . .      SeeInvis .   a - +0 dagger
rCold   . . .      Faith    .   (no shield)
rNeg    . . .      Spirit   .   (body armour currently unavailable)
rPois   ∞          Reflect  .   (helmet currently unavailable)
rElec   .          Harm     .   (cloak currently unavailable)
rCorr   .          Rampage  .   (gloves currently unavailable)
Will    .....      NoTele   +   (boots unavailable)
Stlth   ++........              (no amulet)
HPRegen 0.12/turn               (no ring)
MPRegen 0.00/turn               (no ring)

@: tree-form
A: stationary, stasis, torment immunity, boosted hp, sickness immunity, (fire
resistance 2), (cold vulnerability 1), float, innate caster, HP casting, extra
vitality 1
a: no special abilities


You were on level 2 of the Dungeon.
You were a tree.
You visited 1 branch of the dungeon, and saw 2 of its levels.

You collected 65 gold pieces.

Inventory:

Hand Weapons
 a - a +0 dagger (weapon)
Missiles
 f - 21 stones
Armour
 b - a +0 robe (melded)
 c - a +0 hat (melded)
Scrolls
 g - 5 scrolls of identify {unknown}


   Skills:
 - Level 2.1 Dodging
 - Level 1.5 Stealth
 + Level 3.2 Spellcasting


You couldn't memorise any spells.
You knew the following spells:

 Your Spells              Type           Power      Damage    Failure   Level
a - Magic Dart            Conj           52%        1d5       4%          1
b - Blink                 Tloc           26%        N/A       7%          2
c - Call Imp              Summ           13%        N/A       7%          2
d - Slow                  Hex            52%        N/A       4%          1
e - Conjure Flame         Conj/Fire      13%        6-21      14%         3
f - Mephitic Cloud        Conj/Pois/Air  13%        N/A       14%         3
g - Sting                 Tmut/Pois      52%        1d5       4%          1
Your spell library was empty.

Dungeon Overview and Level Annotations

Branches:
Dungeon (2/15)

Altars:

Annotations:
D:2 Natasha


Innate Abilities, Weirdness & Mutations

You are a tree.
Your roots penetrate the ground, keeping you stationary.
You cannot be teleported.
You are immune to unholy pain and torment.
Your maximum health is greatly increased.
Your equipment is partially melded.
You are immune to sickness and miasma.
You are immune to poison.
((Your flesh is very heat resistant. (rF++)))
((You are vulnerable to cold. (rC-)))
You float through the air rather than walking.
You learn spells naturally, not from books.
Your magical power is your life essence.
You have superior vitality. (+4 MHP)


Message History

* * * LOW HITPOINT WARNING * * *
Press: ? - help, v - describe, . - travel
Here: Natasha (moderately wounded, ally target)
The floor.
It was a potion of lignification.
You turn into a tree.
Your +0 hat melds into your body.
Your +0 robe melds into your body.
Your roots penetrate the ground.
Natasha claws you but does no damage.
You closely miss Natasha.
Natasha is moderately wounded.
Natasha claws you.
* * * LOW HITPOINT WARNING * * *
Natasha claws you but does no damage.
As you read the scroll labelled FEMEREAJAYTZ, it crumbles to dust.
You feel aware of your surroundings.
It was a scroll of magic mapping.
Natasha casts a spell.
As you read the scroll labelled ROR FEARYSKE, it crumbles to dust.
You feel a strange sense of stasis.
It was a scroll of teleportation.
Natasha casts a spell at you. The magic dart hits you.
* * * LOW HITPOINT WARNING * * *
Your crimson imp closely misses Natasha.
The crimson imp hits you but does no damage.
Your magical contamination has completely faded away.
Natasha claws you but does no damage.
Your crimson imp barely misses Natasha.
The crimson imp hits you.
* * * LOW HITPOINT WARNING * * *
Natasha claws you but does no damage.
Your crimson imp blinks!
The crimson imp barely misses you. What are your orders? t - Creak!
Orders for allies: a - Attack new target. p - Attack previous target. r - Retreat! s - Stop attacking. g - Guard the area. f - Follow me.
Anything else - Cancel.
Gang up on whom?
Press: ? - help, Dir - move target, f/p - Natasha
Aim: Natasha (moderately wounded, ally target) Attack!
Natasha claws you.
You die...

*,,,,*,,,* #.†..#######.#
*,,*,,,,,*####..†.##### #.#
*,,,,*,,,,....>.......# #.#
*,*,**,**#....###.###.# #.#
*,*,**,* #....* #.###.###.#
**,,,,,,* #....* #.........#
*,,,,,,** ####+#######.#####
*,**,*,* ##...## #.#
*,**,*,**###.h♣5.## #.###
*,**,,,...........## #.#.##
***,*,,,,.##.........###....##
,,,,,,,,,,,+.........'.......#
**,,,,,,,,*#.........####...##
*,*,,,,,,..........##
##..##### *,,,****#####..5..##
##.#.#...## **,** ##...##
##.###.###.# *,* ##+#* #.##
##..#.#


You could see Natasha (ally target), a crimson imp (summoned) and a friendly
crimson imp (summoned).

Vanquished Creatures
  4 ball pythons
  An endoplasm (D:1)
  2 hobgoblins
  2 jackals (D:2)
  5 bats
  A frilled lizard (D:1)
  A rat (D:2)
16 creatures vanquished.

Vanquished Creatures (collateral kills)
  4 jackals (D:2)
4 creatures vanquished.

Grand Total: 20 creatures vanquished

Notes
Turn   | Place    | Note
-------+----------+-------------------------------------------
     0 | D:1      | NinjaNoafa the Djinni Hedge Wizard began the quest for the
                  | Orb.
     0 | D:1      | NinjaNoafa set off with the following spells memorised:
                  | Magic Dart, Blink, Call Imp, Slow, Conjure Flame, Mephitic
                  | Cloud.
     0 | D:1      | Reached XP level 1. HP: 15/15 MP: 0/0
   242 | D:1      | Reached XP level 2. HP: 19/21 MP: 0/0
   261 | D:1      | Found a faded altar of an unknown god.
   791 | D:2      | Reached skill level 3 in Spellcasting
  1031 | D:2      | Reached XP level 3. HP: 23/25 MP: 0/0
  1031 | D:2      | Learned a level 1 spell: Sting
  1328 | D:2      | Noticed Natasha
  1341 | D:2      | HP: 1/37 [Natasha/magic dart (3)]
  1344 | D:2      | Slain by Natasha

Illustrated notes

Levels and vault maps discovered:
D:1:      dreamdust_arrival_beginning_and_end, layout_rooms,
          hellmonk_ecumenical_altar_run_dry
D:2:      layout_loops_corners, uniq_natasha

Skill      XL: |  1  2 |
---------------+-------+-----
Spellcasting   | 3 |  3.2
Dodging        | |  2.1
Stealth        | |  1.5

Action                   || total
-------------------------++-------
Melee: Dagger            ||     6
       Punch             ||     1
 Cast: Magic Dart        ||    32
       Slow              ||     3
       Call Imp          ||     3
       Blink             ||     1
       Sting             ||     7
  Use: Scroll            ||     2
       Potion            ||     1
Armor: Robe              ||     6
       Skin              ||     5
Dodge: Dodged            ||    27
